Map: Efflorescence LE

Players

OpuS

  • Race: Protoss Protoss
  • League: Platinum
  • Spawn Location: 3:00

Sketchaphone

  • Race: Zerg Zerg
  • League: Platinum
  • Spawn Location: 12:00

Scorp - Winner!

  • Race: Zerg Zerg
  • Spawn Location: 6:00

Robtimus - Winner!

  • Race: Zerg Zerg
  • League: Diamond
  • Spawn Location: 9:00

VOD

Have the link to the VOD?

Description

Time

  • Played on: Feb. 10, 2019, 8:55 p.m.
  • Length: 24:53
Show
View Real Time Build Order
Export as new Build Order

OpuS Protoss 

Build Orders:  

Get SALT Encoding   

  12  0:01  Probe  
  13  0:13  Probe  
  14  0:22  Pylon  
  14  0:25  Probe  
  15  0:45  Gateway  
  15  0:47  Probe  
  15  0:55  Probe  
  16  1:00  Assimilator  
  17  1:06  Probe  
  17  1:07  Gateway  
  18  1:18  Probe  
  19  1:35  Probe, Cybernetics Core  
  20  1:42  Pylon  
  20  1:43  Probe  
  21  1:55  Probe  
  22  2:02  Warp Gate, Assimilator  
  22  2:03  Probe  
  23  2:11  Probe  
  23  2:15  Pylon  
  24  2:34  Zealot x2  
  28  2:41  Robotics Facility  
  28  2:42  Gateway  
  27  2:45  Probe  
  28  2:58  Gateway  
  28  3:01  Probe  
  29  3:11  Zealot x2  
  33  3:21  Pylon  
  33  3:24  Pylon  
  33  3:36  Immortal  
  37  3:53  Sentry x3  
  43  3:55  Sentry  
  45  4:13  Immortal  
  49  4:26  Zealot x2  
  49  4:27  Zealot  
  55  4:32  Pylon  
  55  4:35  Pylon  
  55  5:03  Nexus  
  55  5:12  Pylon  
  49  5:44  Immortal  
  33  5:50  Zealot  
  33  5:51  Zealot x3  
  37  6:03  Probe  
  38  6:13  Immortal  
  38  6:15  Probe  
  38  6:16  Twilight Council  
  43  6:31  Sentry x4  
  51  6:48  Probe x2  
  53  6:56  Immortal  
  53  7:00  Probe  
  58  7:09  Probe  
  58  7:12  Probe  
  58  7:13  Stargate  
  60  7:26  Immortal  
  62  7:41  Assimilator  
  62  7:45  Assimilator  
  62  7:53  Probe x2  
  62  7:57  Void Ray  
  68  8:05  Probe x2  
  70  8:12  Pylon  
  70  8:13  Pylon  
  70  8:17  Probe  
  71  8:26  Immortal  
  75  8:40  Void Ray  
  79  8:42  Probe x2  
  81  8:54  Probe x2  
  83  8:59  Robotics Facility  
  83  9:01  Stargate  
  83  9:11  Immortal  
  87  9:26  Nexus  
  87  9:30  Pylon  
  87  9:40  Void Ray  
  91  9:50  Void Ray  
  95  9:57  Probe  
  95  9:58  Probe  
  97  10:09  Templar Archives  
  97  10:17  Immortal  
  101  10:23  Immortal  
  105  10:37  Void Ray  
  105  10:42  Void Ray  
  113  10:58  Stargate  
  113  11:01  Stargate  
  79  11:28  Phoenix x2  
  79  11:30  Probe x3  
  78  11:34  Assimilator  
  78  11:39  Assimilator  
  70  11:51  Phoenix x2  
  70  11:52  Cybernetics Core  
  70  11:53  Phoenix  
  65  12:16  Phoenix x2  
  54  12:41  Phoenix  
  54  12:43  Phoenix  
  51  13:01  Phoenix  
  51  13:02  Phoenix  
  51  13:21  Phoenix  
  51  13:23  Phoenix  
  51  13:24  Protoss Air Weapons Level 1  
  53  13:46  Phoenix  
  53  13:48  Phoenix  
  51  14:00  Probe x2  
  47  14:11  Phoenix  
  47  14:13  Phoenix  
  47  14:50  Pylon  
  47  14:52  Pylon  
  45  14:53  Pylon x2  
  45  14:55  Phoenix x2  
  45  14:59  Stargate  
  49  15:08  Stargate  
  49  15:10  Pylon  
  49  15:11  Pylon  
  49  15:13  Pylon  
  49  15:14  Phoenix x2  
  49  15:15  Pylon  
  53  15:36  Phoenix  
  53  15:40  Phoenix  
  57  15:43  Phoenix  
  57  15:48  Cybernetics Core  
  53  16:01  Phoenix x2  
  57  16:08  Nexus  
  30  16:42  Void Ray  
  28  16:50  Void Ray  
  32  17:17  Pylon  
  32  17:21  Phoenix  
  32  17:23  Pylon  
  32  17:26  Probe  
  33  17:37  Probe  
  33  17:38  Probe  
  33  18:02  Void Ray  
  33  18:09  Void Ray  
  37  18:14  Probe  
  38  18:28  Probe x2  
  40  18:49  Void Ray  
  44  19:01  Probe x2  
  46  19:14  Void Ray  
  46  19:23  Probe  
  51  19:26  Probe  
  52  19:36  Void Ray  
  52  19:39  Probe x2  
  58  19:56  Probe  
  58  19:57  Probe  
  58  20:12  Void Ray  
  62  20:15  Probe  
  62  20:17  Probe  
  64  20:28  Probe  
  52  20:40  Probe  
  23  20:57  Void Ray  
  27  21:26  Void Ray  
Show
View Real Time Build Order
Export as new Build Order

Sketchaphone Zerg 

Build Orders: Hatch First 

Get SALT Encoding   

  12  0:01  Drone  
  13  0:13  Overlord  
  13  0:18  Drone  
  14  0:26  Extractor  
  14  0:27  Drone  
  16  0:35  Drone  
  16  0:36  Drone  
  17  1:00  Drone  
  18  1:04  Extractor  
  18  1:05  Hatchery  
  18  1:06  Drone  
  17  1:19  Drone x2  
  19  1:33  Spawning Pool  
  18  1:46  Drone  
  19  1:47  Drone  
  19  1:49  Overlord  
  20  2:02  Drone  
  21  2:11  Overlord  
  21  2:20  Overlord  
  21  2:21  Metabolic Boost, Queen  
  23  2:25  Drone  
  24  2:30  Drone  
  24  2:35  Drone  
  26  2:42  Drone  
  26  2:44  Drone  
  28  2:45  Queen  
  30  2:53  Drone  
  30  2:55  Spine Crawler  
  30  3:04  Drone x2  
  30  3:05  Spine Crawler  
  31  3:15  Drone x2  
  31  3:17  Drone  
  34  3:28  Zergling x2  
  34  3:30  Zergling x2  
  34  3:32  Drone  
  37  3:42  Zergling x2, Hatchery  
  37  3:47  Overlord  
  37  3:56  Zergling x6  
  37  3:57  Zergling x4  
  37  4:02  Spine Crawler  
  40  4:04  Zergling x4  
  42  4:14  Zergling x8  
  46  4:18  Zergling x4  
  48  4:30  Queen  
  50  4:31  Zergling x2  
  50  4:32  Drone  
  50  4:34  Overlord  
  52  4:45  Roach Warren  
  51  4:47  Drone  
  51  4:48  Overlord  
  51  4:50  Overlord  
  52  5:13  Overlord  
  53  5:14  Drone x2  
  50  5:32  Roach x11  
  65  5:37  Roach  
  66  5:44  Roach x2  
  66  5:49  Evolution Chamber  
  69  6:04  Roach x2  
  69  6:06  Queen, Drone  
  69  6:08  Drone x4  
  80  6:20  Zerg Missile Weapons Level 1  
  80  6:21  Overlord  
  80  6:22  Zergling x2  
  80  6:24  Drone x4  
  76  6:57  Roach x4  
  76  6:58  Roach x5  
  76  6:59  Zergling x2  
  68  7:10  Roach  
  68  7:11  Zergling x10  
  68  7:15  Evolution Chamber  
  72  7:22  Zergling x10  
  72  7:25  Queen  
  74  7:48  Extractor  
  74  7:49  Lair  
  73  7:52  Zergling x22  
  83  8:16  Baneling Nest  
  83  8:17  Extractor  
  83  8:19  Extractor  
  80  8:37  Overlord  
  80  8:41  Zerg Ground Armor Level 1  
  80  8:48  Overlord x2, Drone x2  
  82  8:51  Overlord  
  82  8:53  Overlord, Drone x2  
  84  8:59  Centrifical Hooks  
  84  9:00  Zergling x2  
  84  9:01  Zergling x4, Hatchery  
  86  9:07  Drone x2  
  88  9:19  Pneumatized Carapace  
  88  9:20  Overseer  
  88  9:22  Overlord  
  88  9:31  Zerg Melee Weapons Level 1  
  88  9:36  Evolution Chamber  
  88  9:37  Drone  
  88  9:38  Drone  
  89  9:39  Overlord  
  89  10:11  Drone x2  
  89  10:12  Drone x3  
  89  10:13  Zergling x18  
  104  10:14  Zergling x2  
  104  10:16  Baneling  
  104  10:17  Baneling  
  104  10:19  Drone  
  105  10:21  Drone  
  105  10:38  Baneling  
  105  10:40  Baneling  
  105  10:41  Baneling x17  
  105  10:42  Baneling  
  107  10:50  Roach  
  77  11:09  Zergling x30  
  79  11:14  Zergling x4  
  79  11:15  Zergling x2  
  82  11:20  Zergling x2  
  82  11:25  Zergling x2  
  82  11:26  Queen  
  82  11:27  Zergling x4  
  84  11:41  Spore Crawler  
  84  11:42  Spore Crawler x2  
  84  11:44  Spore Crawler  
  59  12:12  Zergling x38  
  75  12:17  Spore Crawler  
  75  12:18  Zergling x2  
  73  12:23  Zerg Melee Weapons Level 2  
  73  12:26  Drone  
  73  12:27  Drone  
  73  12:29  Zergling x2  
  75  12:31  Drone  
  76  12:49  Zerg Ground Armor Level 2  
  71  12:55  Zergling x14  
  70  13:09  Baneling x11  
  70  13:11  Zergling x6  
  73  13:18  Zergling x8  
  77  13:21  Baneling x2  
  77  13:22  Baneling x3  
  77  13:23  Baneling  
  77  13:25  Zergling x2  
  78  13:31  Baneling x7  
  78  13:35  Drone x2  
  78  13:37  Drone  
  78  13:39  Drone  
  64  14:05  Zergling x12  
  64  14:07  Baneling x8  
  64  14:08  Zergling x12  
  74  14:10  Drone x2  
  74  14:14  Drone x2  
  74  14:16  Drone  
  79  14:19  Zergling x2  
  79  14:20  Zergling x2  
  79  14:22  Zergling x2  
  82  14:27  Drone x3  
  85  14:33  Zergling x8  
  85  14:35  Drone  
  90  14:42  Zergling x8  
  65  15:07  Zergling x24  
  77  15:15  Queen, Drone x2  
  81  15:21  Drone x5  
  81  15:27  Drone  
  87  15:29  Zergling x4  
  89  15:36  Zergling x2  
  90  15:48  Spore Crawler  
  90  15:49  Spore Crawler x3  
  86  16:04  Zergling x22  
  94  16:17  Zergling x14  
  99  16:23  Zergling x4  
  98  16:27  Zergling x6  
  96  16:35  Infestation Pit, Zergling x2  
  96  16:36  Drone  
  96  16:37  Drone  
  89  16:58  Zergling x16  
  92  17:01  Zergling x10  
  92  17:06  Zergling x2  
  92  17:07  Zergling x4  
  94  17:11  Zergling x8  
  94  17:13  Zergling x2  
  90  17:23  Extractor  
  90  17:24  Drone x3  
  89  17:30  Zergling x6  
  89  17:33  Zerg Missile Weapons Level 2  
  91  17:38  Hive  
  91  17:40  Drone  
  91  17:41  Drone  
  91  17:42  Drone  
  94  17:49  Hatchery  
  92  17:57  Overseer  
  92  18:07  Zergling x26  
  103  18:16  Zergling x12  
  97  18:29  Zergling x8  
  98  18:37  Zergling x6  
  92  18:43  Overlord x2  
  81  18:49  Zergling x2  
  81  18:53  Zergling x4  
  75  19:04  Hatchery  
  75  19:07  Drone  
  75  19:08  Drone x4  
  79  19:10  Queen  
  79  19:11  Drone  
  79  19:21  Baneling  
  79  19:31  Zergling x16  
  79  19:32  Zergling x2  
  79  19:34  Zergling x2  
  79  19:45  Ultralisk Cavern, Adrenal Glands  
  78  19:46  Drone  
  79  20:00  Drone x2  
  81  20:10  Zerg Melee Weapons Level 3  
  81  20:16  Hatchery, Extractor  
  81  20:18  Extractor  
  74  20:32  Zergling x38  
  74  20:33  Zergling x2  
  85  20:40  Drone x4  
  89  20:49  Spore Crawler  
  88  20:51  Spore Crawler  
  88  20:53  Spore Crawler x3  
  84  20:57  Spore Crawler  
  84  20:58  Spore Crawler  
  79  21:17  Zergling x22  
  79  21:18  Zergling x10  
  87  21:21  Zergling x2  
  87  21:22  Zergling x2  
  87  21:24  Zergling x4  
  80  21:27  Queen  
  80  21:29  Drone  
  80  21:31  Drone  
  84  21:34  Drone x2  
  86  21:40  Overseer  
  86  21:43  Drone x4  
  86  21:46  Chitinous Plating  
  87  22:02  Drone x3  
  87  22:03  Drone x2  
  77  22:22  Spire  
  58  22:34  Overseer  
  58  22:39  Overlord x2  
  58  22:40  Overlord x4  
  55  22:52  Ultralisk  
  55  22:53  Burrow  
  55  22:58  Zergling x6  
  62  23:01  Overseer  
  63  23:16  Ultralisk x2  
  72  23:29  Ultralisk  
  52  23:56  Zergling x2  
  52  23:57  Zergling x8  
  51  24:07  Zergling x6  
  48  24:28  Zergling x12  
Show
View Real Time Build Order
Export as new Build Order

Scorp Zerg - Winner!

Build Orders: Hatch First 

Get SALT Encoding   

  12  0:06  Drone  
  13  0:18  Drone  
  14  0:29  Overlord  
  14  0:48  Drone x2  
  14  0:49  Drone  
  17  1:01  Drone  
  18  1:05  Hatchery  
  17  1:15  Drone  
  18  1:24  Extractor  
  17  1:25  Spawning Pool  
  17  1:31  Drone  
  17  1:47  Drone x2  
  19  1:55  Overlord  
  19  2:13  Queen  
  21  2:17  Spine Crawler  
  21  2:22  Spine Crawler  
  19  2:25  Metabolic Boost  
  19  2:30  Drone x4  
  19  2:31  Drone  
  24  2:56  Queen  
  26  3:01  Zergling x10  
  31  3:06  Spore Crawler  
  30  3:17  Spine Crawler  
  30  3:19  Zergling x2, Spore Crawler  
  30  3:20  Zergling x4  
  31  3:27  Zergling x4  
  31  3:29  Zergling x2  
  34  3:44  Overlord  
  34  4:02  Overlord  
  34  4:03  Drone x4  
  34  4:04  Zergling x4  
  29  4:28  Roach Warren  
  28  4:32  Zergling x12  
  34  5:05  Extractor  
  32  5:09  Roach x5  
  32  5:10  Roach x4  
  37  5:46  Drone x4  
  37  5:47  Drone x3  
  44  6:01  Drone x2  
  46  6:20  Lair  
  46  6:25  Drone x3  
  48  6:26  Drone x2  
  51  6:43  Ravager  
  51  6:44  Overlord x2  
  52  6:56  Overlord x2  
  52  7:12  Overlord, Drone x3  
  52  7:13  Drone x2  
  49  7:29  Extractor  
  37  7:31  Extractor  
  37  7:36  Spire  
  35  7:37  Drone  
  35  7:38  Drone x5  
  41  8:00  Zergling x8  
  41  8:01  Zergling x6  
  48  8:13  Zergling x8  
  52  8:28  Overlord  
  52  8:47  Mutalisk x3  
  52  8:48  Mutalisk x4  
  66  9:07  Overlord  
  66  9:08  Drone x4  
  70  9:18  Mutalisk x3  
  76  9:34  Mutalisk x2  
  80  9:49  Spine Crawler  
  80  9:51  Mutalisk x2  
  83  9:53  Overlord  
  83  9:54  Overlord  
  83  10:04  Mutalisk  
  85  10:27  Mutalisk x3  
  91  10:51  Mutalisk x2  
  91  11:17  Mutalisk x2  
  91  11:18  Mutalisk  
  86  11:19  Zergling x6  
  86  11:20  Zergling x10  
  94  11:27  Zerg Flyer Weapons Level 1  
  93  12:22  Hatchery  
  87  12:51  Corruptor x4  
  87  12:52  Corruptor x5  
  79  13:57  Mutalisk x6  
  91  14:18  Mutalisk x3  
  91  14:19  Mutalisk  
  99  14:25  Queen  
  99  14:38  Mutalisk x2  
  99  14:42  Drone x5  
  99  14:43  Drone x2  
  110  14:46  Extractor  
  96  15:11  Drone x3  
  96  15:12  Queen x3, Drone  
  106  15:22  Spore Crawler  
  106  15:25  Spine Crawler  
  106  15:26  Zerg Flyer Weapons Level 2  
  104  15:42  Overlord, Drone  
  105  15:43  Drone x6  
  105  15:48  Queen  
  113  16:09  Zergling x2  
  113  16:10  Zergling x16  
  113  16:11  Zergling x4  
  70  16:49  Drone x4  
  70  16:50  Drone x5  
  78  16:56  Queen x3  
  75  17:21  Overlord, Drone x4  
  75  17:22  Drone  
  79  17:29  Extractor  
  78  17:40  Baneling Nest  
  77  17:44  Drone x3  
  77  17:45  Drone x6  
  86  17:56  Spine Crawler  
  86  17:57  Spine Crawler  
  86  17:58  Spine Crawler  
  83  18:00  Spine Crawler  
  78  18:07  Extractor  
  76  18:22  Spire  
  76  18:24  Queen  
  76  18:26  Queen  
  80  18:34  Zergling x12  
  80  18:35  Zergling x14  
  80  18:36  Zergling x2  
  92  18:59  Hatchery  
  91  19:13  Baneling x4  
  83  19:31  Spine Crawler  
  82  19:40  Mutalisk x2  
  82  19:41  Mutalisk x8  
  82  19:42  Mutalisk  
  104  20:06  Hatchery  
  103  20:09  Baneling  
  103  20:10  Baneling x3  
  100  20:36  Overlord x2  
  100  20:37  Corruptor x2, Mutalisk x2  
  100  20:38  Corruptor x3, Mutalisk x3  
  116  21:04  Spine Crawler  
  116  21:07  Spine Crawler  
  108  21:36  Baneling Nest  
  93  22:08  Spire  
  92  22:29  Infestation Pit, Centrifical Hooks  
  91  22:51  Extractor  
  91  22:56  Extractor  
  89  23:23  Spore Crawler  
  88  23:31  Mutalisk  
  88  23:32  Mutalisk x2, Corruptor x2  
  88  23:33  Mutalisk x3, Corruptor x3  
  110  23:39  Spine Crawler  
  109  23:55  Queen  
  109  24:29  Overlord  
  109  24:30  Overlord x2  
  109  24:31  Drone x4  
Show
View Real Time Build Order
Export as new Build Order

Robtimus Zerg - Winner!

Build Orders: Pool First, Lurkers 

Get SALT Encoding   

  12  0:01  Drone  
  13  0:12  Overlord  
  13  0:18  Drone  
  14  0:31  Drone x2  
  14  0:35  Drone  
  17  0:46  Extractor  
  16  0:52  Spawning Pool  
  16  0:54  Drone  
  16  1:11  Drone x2  
  18  1:26  Hatchery  
  18  1:28  Drone  
  18  1:38  Queen  
  20  1:45  Overlord  
  20  1:50  Drone  
  21  1:58  Zergling x2  
  22  2:04  Overlord  
  22  2:10  Metabolic Boost  
  22  2:14  Drone  
  23  2:32  Zergling x2  
  23  2:33  Queen  
  23  2:36  Drone  
  27  2:41  Drone  
  28  2:48  Drone x3  
  28  2:49  Drone  
  32  2:53  Drone  
  33  2:59  Drone  
  33  3:01  Spore Crawler  
  33  3:10  Zergling x4  
  35  3:13  Queen  
  35  3:15  Drone  
  38  3:20  Drone  
  38  3:22  Drone x2  
  41  3:27  Spore Crawler  
  40  3:35  Drone  
  40  3:36  Drone x2  
  43  3:43  Overlord  
  43  3:47  Overlord  
  43  3:53  Zergling x2  
  44  4:01  Queen  
  46  4:06  Roach Warren  
  45  4:10  Evolution Chamber  
  45  4:11  Evolution Chamber  
  42  4:21  Overlord x2  
  39  4:28  Extractor  
  38  4:36  Zerg Missile Weapons Level 1  
  38  4:37  Zerg Ground Armor Level 1  
  37  4:48  Roach  
  37  4:49  Roach x6  
  51  4:54  Extractor  
  50  5:12  Lair  
  51  5:14  Zergling x2, Drone  
  51  5:15  Zergling x12  
  51  5:16  Zergling x6  
  61  5:31  Roach x3  
  67  5:39  Ravager  
  67  6:01  Zergling x2  
  67  6:02  Roach x3  
  67  6:03  Roach  
  76  6:08  Overlord x4  
  76  6:18  Hydralisk Den  
  59  7:06  Hydralisk  
  59  7:07  Hydralisk x4  
  61  7:19  Zergling x14  
  68  7:30  Hydralisk x2  
  72  7:51  Hatchery  
  72  7:58  Drone  
  72  7:59  Drone x3, Extractor  
  72  8:03  Drone x3  
  73  8:23  Hydralisk  
  73  8:24  Hydralisk x4  
  83  8:31  Hydralisk x5  
  83  8:32  Hydralisk  
  95  8:43  Grooved Spines  
  95  8:49  Zergling x6  
  98  9:15  Lurker Den  
  97  9:22  Hydralisk x4  
  97  9:23  Hydralisk  
  107  9:45  Zerg Ground Armor Level 2  
  107  9:53  Overlord  
  107  9:54  Overlord x2  
  107  9:56  Muscular Augments  
  107  10:02  Zerg Missile Weapons Level 2  
  106  10:28  Hatchery  
  105  10:41  Lurker x4  
  109  10:43  Zergling x10  
  109  10:44  Zergling x8  
  61  11:10  Zergling x2  
  61  11:11  Zergling x18  
  57  11:16  Zergling x2  
  57  11:17  Zergling x2  
  52  11:22  Hydralisk  
  50  11:36  Hydralisk x2  
  50  11:37  Hydralisk  
  56  11:44  Hydralisk  
  54  11:49  Lurker  
  54  11:51  Hydralisk  
  56  11:56  Drone  
  53  12:24  Drone  
  53  12:25  Drone x9  
  63  12:36  Hydralisk x2  
  66  12:47  Zergling x2  
  66  12:48  Zergling x6  
  56  12:55  Evolution Chamber  
  49  13:06  Hydralisk x2  
  53  13:20  Drone x6  
  53  13:21  Drone  
  53  13:24  Lurker  
  61  13:29  Lurker  
  61  13:30  Hydralisk  
  64  13:46  Infestation Pit  
  43  14:09  Zergling x12  
  49  14:19  Hatchery  
  48  14:28  Pathogen Glands  
  44  15:07  Infestor  
  44  15:08  Infestor x6  
  44  15:13  Burrow  
  56  15:20  Hydralisk  
  58  15:37  Drone  
  59  15:56  Lurker  
  53  16:18  Hydralisk x7  
  49  16:25  Infestor x4  
  50  16:52  Hydralisk x4  
  50  17:11  Lurker x5  
  52  17:34  Drone x3  
  53  19:00  Spawning Pool  
  52  19:04  Drone x7  
  52  19:05  Drone x3  
  62  19:48  Drone x2  
  64  19:57  Baneling Nest  
  63  21:06  Zergling x4  
  63  21:07  Zergling x4  
  63  21:08  Zergling x10  
  63  21:09  Zergling x2  
  73  21:26  Hive  
  73  21:30  Baneling x5  
  73  21:31  Baneling  
  73  21:42  Zergling x10  
  73  21:43  Zergling x8  
  82  22:03  Zergling x4  
  82  22:04  Zergling x2  
  82  22:19  Zergling x4  
  82  22:20  Zergling x8  
  88  22:27  Zergling x4  
  88  22:28  Baneling x2  
  90  22:34  Extractor  
  89  22:41  Extractor  
  88  22:49  Infestor x4  
  88  23:07  Zergling x18  
  94  23:34  Zergling x8  
  94  23:35  Zergling x4  
  89  24:05  Zergling x2  
  89  24:06  Zergling x16  
  88  24:26  Zergling x2  
  88  24:27  Zergling x4  
Tags
 
Add a new tag
Caveats
  • Supply blocks, unpowered buildings, or Contaminate may cause inaccurate times.
  • Supply counts are checked every 10 seconds.